 Dungeon Crawl Stone Soup version 0.19-a0-1170-g18f0c96 (webtiles) character file.

32 jacquesderrida the Slasher (level 3, 2/30 HPs)
             Began as a Minotaur Warper on Aug 17, 2016.
             Quit the game on level 3 of the Dungeon.
             The game lasted 00:00:58 (277 turns).

jacquesderrida the Slasher (Minotaur Warper)         Turns: 277, Time: 00:00:58

Health: 2/30       AC:  3    Str: 15    XL:     3   Next: 10%
Magic:  4/4        EV: 12    Int: 10    God:
Gold:   98         SH:  0    Dex: 10    Spells: 1 memorised, 3 levels left

rFire  . . .     SeeInvis .     j - +0 short sword (drain)
rCold  . . .     Gourm    .     b - +0 leather armour
rNeg   . . .     Faith    .     (no shield)
rPois  .         Spirit   .     (helmet restricted)
rElec  .         Dismiss  .     (no cloak)
rCorr  .         Reflect  .     (no gloves)
MR     .....     Harm     .     (no boots)
Stlth  +.........               (no amulet)
                                (no ring)
                                (no ring)

@: no status effects
A: retaliatory headbutt, horns 2
a: no special abilities


You were on level 3 of the Dungeon.
You were not hungry.

You visited 1 branch of the dungeon, and saw 3 of its levels.

You collected 98 gold pieces.

Inventory:

Hand Weapons
 a - a +0 falchion
 j - a +0 short sword of draining (weapon)
Missiles
 e - 5 tomahawks of dispersal (quivered)
Armour
 b - a +0 leather armour (worn)
Wands
 k - a wand of enslavement (14/24)
Scrolls
 d - a scroll of blinking
 g - a scroll of fog {unknown}
 i - a scroll of magic mapping {unknown}
Books
 c - a book of Spatial Translocations

   Spells                             Type                      Level
   a - Apportation                    Translocation                1
   b - Blink                          Translocation                2
   c - Shroud of Golubria             Charms/Translocation         2
   d - Portal Projectile              Translocation                3
   e - Teleport Other                 Translocation                3
   f - Passage of Golubria            Translocation                4
Comestibles
 f - a bread ration


   Skills:
 - Level 2.4 Fighting
 + Level 4.3 Long Blades
 - Level 1.0 Throwing
 - Level 1.2 Armour
 - Level 2.1 Dodging
 - Level 1.3 Spellcasting
 - Level 2.1 Translocations


You had 3 spell levels left.
You knew the following spells:

 Your Spells              Type           Power        Failure   Level  Hunger
a - Apportation           Tloc           #.........   17%         1    ##.....


Dungeon Overview and Level Annotations

Branches:
Dungeon (3/15)

Altars:
Gozag


Innate Abilities, Weirdness & Mutations

You reflexively headbutt those who attack you in melee.
You have a pair of horns on your head.


Message History

Your experience leads to an increase in your attributes!
Increase (S)trength, (I)ntelligence, or (D)exterity?
You feel agile. The gnoll closely misses you.
The gnoll hits you but does no damage. The gnoll closely misses you.
The gnoll hits you from afar with a spear.
Things that are here:
a spear; a gnoll corpse You hit the gnoll but do no damage.
You drain the gnoll!
The gnoll is moderately wounded.
The gnoll hits you from afar with a spear.
The gnoll hits you from afar with a spear!
* * * LOW HITPOINT WARNING * * *
The gnoll hits you with a halberd.
* * * LOW HITPOINT WARNING * * *
You hit the gnoll. You drain the gnoll!
The gnoll is severely wounded.
The gnoll hits you but does no damage. The gnoll closely misses you.
Unknown command.
Are you sure you want to abandon this character and quit the game? (Confirm with "yes".)

... .. .. .... .# ....
.# ..... ##.#
......###### ##..#
..........<####..##
......####...##@##
...........#..#g######
..........g.g.gg.....#
.......†..wh###+###....
............# ##
............#
...........h###_..
#.....?.....###.##
#...........#


You could see 3 gnolls.

Vanquished Creatures
  A gnoll (D:3)
  An ooze (D:2)
  An adder zombie (D:1)
  2 dart slugs (D:2)
  2 goblins
  2 bats
  A giant gecko zombie (D:1)
  A giant newt (D:1)
  2 kobolds
  2 rats (D:2)
15 creatures vanquished.

Notes
Turn   | Place    | Note
-------+----------+-------------------------------------------
     0 | D:1      | jacquesderrida the Minotaur Warper began the quest for the Orb.
     0 | D:1      | Reached XP level 1. HP: 18/18 MP: 1/1
    38 | D:1      | Reached skill level 3 in Long Blades
    72 | D:2      | Reached XP level 2. HP: 24/25 MP: 3/3
   253 | D:3      | Reached skill level 4 in Long Blades
   257 | D:3      | Found an opulent altar of Gozag.
   273 | D:3      | Reached XP level 3. HP: 22/30 MP: 4/4
   277 | D:3      | Quit the game

Vault maps used:
D:1:      saegor_arrival_fortress, st_stairs_7
D:3:      lemuel_castle_with_subvaults, lemuel_doored_altar

Skill      XL: |  1  2 |
---------------+-------+-----
Long Blades    | 3 4 |  4.3
Fighting       | |  2.4
Throwing       | |  1.0
Armour         | |  1.2
Dodging        | |  2.1
Spellcasting   | |  1.3
Translocations | |  2.1

Action                   || total
-------------------------++-------
Melee: Falchion          ||     6
       Short sword       ||    18
       Headbutt          ||     4
  Use: Potion            ||     1
Armor: Leather armour    ||     9
Dodge: Dodged            ||    24
